[Event "Titled Tuesday Blitz August 08 Late 2023"]
[White "Adan Bermudez, Sergio"]
[Black "ProphetReborn"]
[WhiteFideId "2292726"]
[WhiteElo "2569"]
[BlackElo "2831"]
[Result "1/2-1/2"]
[Round "4"]
[TimeControl "180+1"]
[Date "2023.08.08"]
[WhiteClock "0:00:06"]
[BlackClock "0:00:04"]
[Board "40"]

1. c4 Nf6 2. Nc3 e5 3. e4 Nc6 4. Nf3 Bb4 5. Bd3 O-O 6. O-O d6 7. h3 a5 8. a3 Bc5 9. Be2 h6 10. d3 Nd4 11. Be3 c6 12. Rb1 Bd7 13. b4 axb4 14. axb4 Ba7 15. b5 Bc5 16. bxc6 bxc6 17. Bxd4 exd4 18. Na4 Ba7 19. Qb3 Qa5 20. Ra1 Rfb8 21. Qc2 Qc7 22. c5 d5 23. Nxd4 dxe4 24. dxe4 Qe5 25. Nf3 Qxe4 26. Bd3 Qf4 27. Nb6 Bxb6 28. Rxa8 Rxa8 29. cxb6 Rb8 30. Qc5 Bxh3 31. Rb1 Bxg2 32. Qe5 Qxe5 33. Nxe5 Bd5 34. Bc4 Bxc4 35. Nxc6 Rb7 36. Na5 Bd5 37. Nxb7 Bxb7 38. Ra1 Ne4 39. Rc1 Kf8 40. Rc7 Bd5 41. Rd7 Bc6 42. Rc7 Bd5 43. Rd7 Bc6 44. Rc7 Bd5 1/2-1/2


[Site "https://www.chess.com"]

[Event "Titled Tuesday Blitz August 08 Late 2023"]
[White "Shtembuliak, Evgeny"]
[Black "Shapiro, Viktor"]
[WhiteFideId "14113325"]
[BlackFideId "4175700"]
[WhiteElo "2826"]
[BlackElo "2567"]
[Result "1-0"]
[Round "4"]
[TimeControl "180+1"]
[Date "2023.08.08"]
[WhiteClock "0:00:11"]
[BlackClock "0:00:18"]
[Board "41"]

1. e4 Nf6 2. e5 Nd5 3. c4 Nb6 4. a4 a5 5. Ra3 d6 6. exd6 cxd6 7. d4 g6 8. h4 h5 9. Bg5 Bg7 10. Re3 Nc6 11. d5 Ne5 12. c5 dxc5 13. Bb5+ Bd7 14. f4 Bxb5 15. axb5 Nxd5 16. Rxe5 Bxe5 17. fxe5 Qd7 18. Rh3 O-O-O 19. Rd3 Qf5 20. Qc2 b6 21. Nf3 f6 22. Bc1 fxe5 23. Nc3 Nxc3 24. Rxd8+ Rxd8 25. Qxc3 e4 26. Ne5 Qe6 27. Qh3 Qxh3 28. gxh3 Rd5 29. Nxg6 c4 30. Nxe7+ Kd7 31. Nxd5 Kd6 32. Nf6 Kc5 33. Nxh5 Kxb5 34. Ng3 a4 35. Nxe4 Kb4 36. h5 Kb3 37. h6 Kc2 38. h7 Kxc1 39. h8=Q a3 40. Qc3+ 1-0


[Site "https://www.chess.com"]

[Event "Titled Tuesday Blitz August 08 Late 2023"]
[White "Zirkelbach, Maj"]
[Black "Pakleza, Zbigniew"]
[WhiteFideId "14613395"]
[BlackFideId "1119290"]
[WhiteElo "2565"]
[BlackElo "2821"]
[Result "0-1"]
[Round "4"]
[TimeControl "180+1"]
[Date "2023.08.08"]
[WhiteClock "0:00:02"]
[BlackClock "0:00:10"]
[Board "42"]

1. d4 d6 2. Nf3 Bg4 3. e3 Nf6 4. Be2 c6 5. c4 e6 6. Nc3 d5 7. O-O Nbd7 8. b3 Bd6 9. h3 Bf5 10. Bb2 O-O 11. Nh4 Be4 12. Nxe4 dxe4 13. g3 Qe7 14. Ng2 Rfd8 15. Qc2 e5 16. Rad1 exd4 17. exd4 g6 18. Ne3 h5 19. h4 a5 20. a4 c5 21. d5 Be5 22. Rfe1 Bxb2 23. Qxb2 Ne8 24. Ng2 Nd6 25. Nf4 Qe5 26. Qd2 Re8 27. Bf1 Nf6 28. Bg2 Nf5 29. Nh3 e3 30. fxe3 Qxg3 31. Qf2 Rxe3 32. Rxe3 Qxe3 33. Qxe3 Nxe3 34. Re1 Nf5 35. Nf4 Re8 36. d6 Rxe1+ 37. Kf2 Rd1 38. Bxb7 Rxd6 39. Bd5 Kg7 40. Kf3 Nxh4+ 41. Ke3 g5 42. Nd3 Nf5+ 43. Kf3 Nxd5 44. cxd5 Rxd5 45. Ke4 Rd4+ 46. Kxf5 Rxd3 0-1


[Site "https://www.chess.com"]

[Event "Titled Tuesday Blitz August 08 Late 2023"]
[White "Mendez Fortes, Eduardo Jesus"]
[Black "Bazeev, German"]
[WhiteFideId "3502376"]
[BlackFideId "24119350"]
[WhiteElo "2565"]
[BlackElo "2803"]
[Result "0-1"]
[Round "4"]
[TimeControl "180+1"]
[Date "2023.08.08"]
[WhiteClock "0:01:00"]
[BlackClock "0:00:33"]
[Board "43"]

1. e4 c5 2. Nf3 Nf6 3. Nc3 Nc6 4. d4 d5 5. exd5 Nxd5 6. Nxd5 Qxd5 7. dxc5 Qxd1+ 8. Kxd1 Bg4 9. Be2 e5 10. Be3 f5 11. h3 O-O-O+ 12. Ke1 Bxf3 13. Bxf3 f4 14. Bd2 Bxc5 15. Be4 Bxf2+ 16. Ke2 Bb6 17. c3 g5 18. Rhc1 h5 19. b4 Rxd2+ 20. Kxd2 Be3+ 21. Ke2 Bxc1 22. Rxc1 Rd8 23. a4 Ne7 24. a5 Nd5 25. Bf3 Nf6 26. Ke1 g4 27. hxg4 hxg4 28. Be2 e4 29. a6 f3 30. Bc4 e3 31. b5 Rh8 32. Kd1 Rh1+ 33. Kc2 Rxc1+ 34. Kxc1 fxg2 35. axb7+ Kb8 36. Bd5 Nxd5 0-1


[Site "https://www.chess.com"]

[Event "Titled Tuesday Blitz August 08 Late 2023"]
[White "Graif, William"]
[Black "Troff, Kayden"]
[WhiteFideId "2609835"]
[BlackFideId "2047896"]
[WhiteElo "2561"]
[BlackElo "2799"]
[Result "1/2-1/2"]
[Round "4"]
[TimeControl "180+1"]
[Date "2023.08.08"]
[WhiteClock "0:00:14"]
[BlackClock "0:00:10"]
[Board "44"]

1. e4 c5 2. Nc3 g6 3. Bc4 Bg7 4. h4 h6 5. Qf3 e6 6. d4 d6 7. dxc5 dxc5 8. Bf4 Ne7 9. Nb5 O-O 10. Nc7 e5 11. Nxa8 exf4 12. Qxf4 Nbc6 13. Nf3 b5 14. Be2 Nd4 15. Nxd4 Qxd4 16. O-O Bb7 17. Qc7 Bxa8 18. Qxe7 Bf6 19. c3 Bxe7 20. cxd4 cxd4 21. Bxb5 Bxh4 22. f3 Rb8 23. a4 Bg5 24. Rfd1 Be3+ 25. Kf1 a6 26. Bxa6 Rxb2 27. Be2 f5 28. Rdb1 Rd2 29. Rb8+ Kf7 30. Rxa8 d3 31. Bxd3 Rxd3 32. exf5 Rd2 33. a5 Rf2+ 34. Ke1 Rxg2 35. fxg6+ Kxg6 36. Ra4 Bg5 37. Rg4 Ra2 38. f4 Kf5 39. Rxg5+ hxg5 40. fxg5 Kxg5 41. a6 Kg6 42. a7 Kg7 43. Kd1 Ra1+ 44. Kc2 Ra2+ 45. Kb3 Ra1 46. Kb4 Rb1+ 1/2-1/2


[Site "https://www.chess.com"]

[Event "Titled Tuesday Blitz August 08 Late 2023"]
[White "Klukin, Kirill"]
[Black "Hajiyev, Kanan"]
[WhiteFideId "24199273"]
[BlackFideId "13404148"]
[WhiteElo "2759"]
[BlackElo "2556"]
[Result "1/2-1/2"]
[Round "4"]
[TimeControl "180+1"]
[Date "2023.08.08"]
[WhiteClock "0:00:22"]
[BlackClock "0:01:13"]
[Board "45"]

1. d4 Nf6 2. c4 e6 3. Nc3 Bb4 4. e3 O-O 5. Bd2 d5 6. Nf3 b6 7. cxd5 Nxd5 8. Bd3 Bb7 9. Rc1 c5 10. a3 cxd4 11. Nxd4 Nxc3 12. Bxc3 Bxc3+ 13. Rxc3 Nd7 14. O-O Qg5 15. Nf3 Bxf3 16. Qxf3 Ne5 17. Qe4 Nxd3 18. Rxd3 Rad8 19. Rfd1 Rxd3 20. Qxd3 Qc5 21. h3 g6 22. b4 Qe5 23. Qd7 a5 24. Qd6 Qxd6 25. Rxd6 Rb8 26. e4 a4 27. g4 g5 28. Kg2 Rc8 29. Rxb6 Rc3 30. Rb5 h6 31. Ra5 Rxa3 32. b5 Kg7 33. b6 Rb3 34. Rxa4 Rxb6 35. Kg3 Rb3+ 36. f3 Kf6 37. Ra5 Rc3 38. Ra8 Rc1 39. Rh8 Kg7 40. Rb8 Rg1+ 41. Kf2 Rc1 42. Kg2 Rc2+ 43. Kg3 Rc3 44. Rb2 Rc4 45. Rh2 Rd4 46. h4 Kg6 47. Rc2 Rd8 48. Rc5 Rd1 49. h5+ Kg7 50. Kf2 Rd2+ 51. Ke3 Ra2 52. Rc3 Ra5 53. Kd4 Ra4+ 54. Ke3 Ra5 55. Rc6 Ra3+ 56. Kf2 Ra2+ 57. Kg3 Ra1 58. Rc8 Ra3 59. Kf2 Ra2+ 60. Kg3 Ra3 61. Kg2 Ra4 62. Kg3 Ra6 63. Kg2 Rd6 64. Kg3 Rd7 65. Kg2 Rd2+ 66. Kg3 Re2 67. Rc3 Rd2 68. Rb3 Rc2 69. Ra3 Rb2 70. Rd3 Rc2 71. Rb3 Rd2 72. Rc3 Rb2 73. Ra3 Rc2 74. Rd3 Rb2 75. Rc3 Rb4 76. Rd3 Rb5 77. Rc3 Rb6 78. Rd3 Rb7 79. Rc3 Rb8 80. Rd3 Rh8 81. Rc3 Rf8 82. Rc6 Kf6 83. Rc5 Re8 84. Ra5 Re7 85. Rb5 Rd7 86. Rb8 Re7 87. Rc8 Kg7 88. Rd8 Rc7 89. Rb8 Rd7 90. Rb3 Rc7 91. Rd3 Rb7 92. Rc3 Ra7 93. Rd3 Rb7 1/2-1/2


[Site "https://www.chess.com"]

[Event "Titled Tuesday Blitz August 08 Late 2023"]
[White "Hambleton, Aman"]
[Black "Keleberda, Tymur"]
[WhiteFideId "2606577"]
[BlackFideId "14174294"]
[WhiteElo "2757"]
[BlackElo "2554"]
[Result "1-0"]
[Round "4"]
[TimeControl "180+1"]
[Date "2023.08.08"]
[WhiteClock "0:00:09"]
[BlackClock "0:00:20"]
[Board "46"]

1. d4 Nf6 2. Bf4 d5 3. e3 e6 4. Nf3 Bd6 5. Nbd2 O-O 6. Bd3 c5 7. c3 h6 8. O-O Nc6 9. Bg3 b6 10. e4 dxe4 11. Nxe4 Bxg3 12. hxg3 cxd4 13. Nxf6+ Qxf6 14. Be4 Bb7 15. Bxc6 Bxc6 16. Nxd4 Rfd8 17. f4 Be4 18. Qe2 Qg6 19. Rfe1 Bd5 20. Kf2 Rac8 21. a3 Rd7 22. Rad1 Qf6 23. Qe5 Qxe5 24. Rxe5 g6 25. g4 Kg7 26. Rde1 Rc5 27. Kg3 Bc4 28. Kh4 Rdd5 29. g5 hxg5+ 30. Rxg5 Rxg5 31. fxg5 Bd3 32. Nf3 Rb5 33. b4 Rd5 34. Re5 Rd6 35. Nd4 Bc4 36. g4 Kf8 37. Kg3 Ke7 38. Kf4 Rd5 39. Rxd5 Bxd5 40. Ke5 a6 41. Ne2 Bf3 42. Nd4 Bxg4 43. c4 Bh3 44. c5 bxc5 45. bxc5 Bg2 46. Nb3 Kd7 47. Nd4 Bf1 48. Kf6 Bd3 49. Nf3 Ke8 50. Ne5 Bf5 51. Nxf7 Kd7 52. Ne5+ Kc7 53. Nxg6 Kc6 54. Ne7+ Kxc5 55. Nxf5 exf5 56. Kxf5 Kc4 57. g6 Kb3 58. g7 a5 59. g8=Q+ Kxa3 60. Ke4 Kb2 61. Kd3 a4 62. Kd2 a3 63. Qb8+ Ka2 64. Kc1 Ka1 65. Qb1# 1-0


[Site "https://www.chess.com"]

[Event "Titled Tuesday Blitz August 08 Late 2023"]
[White "Czerw, Dawid"]
[Black "Kuzmicz, Krystian"]
[WhiteFideId "1145746"]
[BlackFideId "1119125"]
[WhiteElo "2542"]
[BlackElo "2752"]
[Result "0-1"]
[Round "4"]
[TimeControl "180+1"]
[Date "2023.08.08"]
[WhiteClock "0:00:00"]
[BlackClock "0:00:25"]
[Board "47"]

1. e4 c5 2. Nf3 e6 3. d4 cxd4 4. Nxd4 Nf6 5. Nc3 Nc6 6. Nxc6 bxc6 7. e5 Nd5 8. Ne4 Qa5+ 9. Bd2 Nb4 10. Bc3 Qd5 11. f3 Qxd1+ 12. Kxd1 Nd5 13. Bd2 f5 14. Nf2 d6 15. c4 Nc7 16. Nd3 Ba6 17. b3 d5 18. Nb4 Bb7 19. cxd5 Nxd5 20. Na6 Bxa6 21. Bxa6 Kd7 22. Rc1 Rb8 23. Ke2 Bb4 24. Rhd1 Rb6 25. Bc4 Bxd2 26. Rxd2 f4 27. Bxd5 exd5 28. Rd4 g5 29. h4 h6 30. Rh1 Re8 31. hxg5 Rxe5+ 32. Kd2 hxg5 33. Rh7+ Re7 34. Rh5 Rg7 35. Ra4 a6 36. Rh6 Kc7 37. Ra5 Kb7 38. Rd6 Rb5 39. Ra4 Kb6 40. Rd8 a5 41. Rb8+ Kc5 42. Ra8 g4 43. R4xa5 gxf3 44. gxf3 Rg2+ 45. Kd3 Rf2 46. Rxb5+ Kxb5 47. a3 Rxf3+ 48. Kd4 Kb6 49. Rb8+ Kc7 0-1


[Site "https://www.chess.com"]

[Event "Titled Tuesday Blitz August 08 Late 2023"]
[White "Perske, Thore"]
[Black "Golubka, Petro"]
[WhiteFideId "12902195"]
[BlackFideId "14114224"]
[WhiteElo "2539"]
[BlackElo "2752"]
[Result "0-1"]
[Round "4"]
[TimeControl "180+1"]
[Date "2023.08.08"]
[WhiteClock "0:00:07"]
[BlackClock "0:01:15"]
[Board "48"]

1. d4 Nf6 2. g3 g6 3. Bg2 Bg7 4. e4 O-O 5. Nc3 d6 6. Nge2 e5 7. h3 c5 8. dxc5 dxc5 9. Qxd8 Rxd8 10. Bg5 Be6 11. Nd5 Bxd5 12. exd5 h6 13. Be3 Na6 14. Nc3 Ne8 15. Bf1 Nd6 16. Bxa6 bxa6 17. Bxc5 Nc4 18. O-O-O Rac8 19. Be7 Rd7 20. d6 e4 21. Na4 Be5 22. Rd5 Bxd6 23. Bxd6 Rxd6 24. Rhd1 Rf6 25. Rd8+ Rxd8 26. Rxd8+ Kg7 27. Rd4 e3 28. fxe3 Nxe3 29. Rd3 Nc4 30. b3 Ne5 31. Rd2 Rf3 32. Rg2 a5 33. c4 h5 34. c5 g5 35. Rc2 Nc6 36. Rc3 Rf2 37. h4 gxh4 38. gxh4 Rh2 39. Rc4 f5 40. a3 Kf6 41. b4 a6 42. Nb6 Ke5 43. Nd7+ Kd5 44. Rc2 Rxh4 45. Nf6+ Ke5 46. Nd7+ Kd4 47. Nf6 f4 48. Rd2+ Kc4 49. Rc2+ Kb3 50. Rd2 Rh1+ 51. Rd1 Rxd1+ 52. Kxd1 h4 53. bxa5 h3 54. Ng4 Kxa3 55. Ke2 Kb4 56. Kf3 Kxc5 57. Kxf4 Nxa5 58. Kg3 Nb3 59. Ne3 Kd4 60. Nc2+ Kc3 61. Na3 Nd2 62. Kxh3 Kb2 63. Nb5 axb5 64. Kg2 b4 65. Kf2 b3 66. Ke2 Kc2 67. Ke1 b2 0-1


[Site "https://www.chess.com"]

[Event "Titled Tuesday Blitz August 08 Late 2023"]
[White "Bettalli, Francesco"]
[Black "Lamaze, Simon"]
[WhiteFideId "2816453"]
[BlackFideId "36069264"]
[WhiteElo "2535"]
[BlackElo "2751"]
[Result "0-1"]
[Round "4"]
[TimeControl "180+1"]
[Date "2023.08.08"]
[WhiteClock "0:00:02"]
[BlackClock "0:00:16"]
[Board "49"]

1. e4 c6 2. d4 d5 3. e5 Bf5 4. h4 h5 5. Bd3 Bxd3 6. Qxd3 Qa5+ 7. Nd2 e6 8. Nf3 Ne7 9. O-O Nf5 10. Nb3 Qa6 11. Qd1 b6 12. Bg5 c5 13. dxc5 bxc5 14. c3 Nc6 15. Re1 Rb8 16. Qd2 Qb7 17. Rab1 a5 18. Be3 Qb5 19. Nc1 Be7 20. Nd3 Qc4 21. g3 O-O 22. b3 Qg4 23. Nh2 Qg6 24. Nf4 Qh7 25. Nf3 d4 26. cxd4 cxd4 27. Qc1 Rbc8 28. Bd2 Nxe5 29. Nxe5 Rxc1 30. Rbxc1 Bb4 31. Bxb4 axb4 32. Rc7 d3 33. Nexd3 Nd4 34. Kg2 f6 35. Nxb4 Qf5 36. Re3 e5 37. Nfd5 Kh8 38. Ne7 Qg4 39. f3 Nxf3 40. Rxf3 Qxb4 41. Ng6+ Kh7 42. Nxf8+ Qxf8 43. Rfc3 Kg6 44. a4 Qb4 45. R7c4 Qa3 46. Rc7 Qb2+ 47. Kh3 Qa1 48. Kg2 Qa2+ 49. Kh3 Qa1 50. Kg2 Kf5 51. Rf3+ Ke4 52. Rc4+ Kd5 53. Rd3+ Ke6 54. Rc6+ Kf5 55. Rf3+ Kg6 56. Rc4 Qa2+ 57. Kh3 e4 58. Rxe4 Qb1 59. Rg4+ hxg4+ 60. Kxg4 Qd1 61. Kf4 Qd4# 0-1


[Site "https://www.chess.com"]

[Event "Titled Tuesday Blitz August 08 Late 2023"]
[White "ArtemDyachuk"]
[Black "Nazari, Arad"]
[BlackFideId "12577324"]
[WhiteElo "2534"]
[BlackElo "2750"]
[Result "0-1"]
[Round "4"]
[TimeControl "180+1"]
[Date "2023.08.08"]
[WhiteClock "0:00:01"]
[BlackClock "0:00:04"]
[Board "50"]

1. e4 e6 2. d4 d5 3. e5 c5 4. c3 Nc6 5. Nf3 Bd7 6. Be2 Nge7 7. Na3 cxd4 8. cxd4 f6 9. O-O fxe5 10. dxe5 Ng6 11. Re1 Bc5 12. Bd3 O-O 13. Qc2 Nb4 14. Qd2 Nxd3 15. Qxd3 Nh4 16. Nd4 Nf5 17. Nxf5 Rxf5 18. Be3 Bxa3 19. Qxa3 Rxe5 20. Bd4 Rxe1+ 21. Rxe1 Qf8 22. Qg3 Qf7 23. h4 b6 24. Re5 h6 25. Re3 Kh7 26. Qe5 Rg8 27. Rg3 Bc8 28. h5 Ba6 29. Rf3 Qe7 30. Re3 Qf7 31. Rf3 Qd7 32. Rg3 Qf7 33. Rg6 Bd3 34. Rg3 Bf5 35. Ra3 Qxh5 36. Rxa7 Qd1+ 37. Kh2 Qh5+ 38. Kg1 Qg6 39. Bxb6 Be4 40. g3 Rc8 41. Rc7 Rxc7 42. Qxc7 Qh5 43. Kf1 Qd1# 0-1


[Site "https://www.chess.com"]

[Event "Titled Tuesday Blitz August 08 Late 2023"]
[White "Tejedor Fuente, Enrique"]
[Black "reevecanada"]
[WhiteFideId "2299100"]
[WhiteElo "2750"]
[BlackElo "2531"]
[Result "1-0"]
[Round "4"]
[TimeControl "180+1"]
[Date "2023.08.08"]
[WhiteClock "0:00:20"]
[BlackClock "0:00:26"]
[Board "51"]

1. c4 e5 2. d3 Nf6 3. Nf3 Nc6 4. g3 d5 5. cxd5 Nxd5 6. Bg2 Be7 7. Nc3 Be6 8. O-O O-O 9. Bd2 Qd7 10. h4 f6 11. Kh2 Rad8 12. a3 a5 13. Rc1 b6 14. Ne1 Nd4 15. e3 Nxc3 16. Rxc3 Nb5 17. Bc6 Nxc3 18. Bxd7 Nxd1 19. Bxe6+ Kh8 20. Bc1 e4 21. d4 c5 22. Nc2 cxd4 23. Nxd4 Nxf2 24. Rxf2 Bc5 25. Rd2 g6 26. b3 Rd6 27. Bc4 Bxd4 28. Rxd4 Rxd4 29. exd4 Rc8 30. a4 Rd8 31. d5 Kg7 32. Be3 Rd6 33. Bf4 Rd7 34. Kg2 h6 35. g4 g5 36. hxg5 hxg5 37. Bb8 Rb7 38. Bg3 Kf8 39. d6 Ke8 40. Bd5 Rh7 41. Bxe4 Rh8 42. Bf5 Kd8 43. Bf2 Ke8 44. Bxb6 Kf7 45. d7 Ke7 46. Bxa5 Ra8 47. d8=Q+ Rxd8 48. Bxd8+ Kxd8 49. Bc2 Ke7 50. Kf3 Kf8 51. Ke4 Kg7 52. a5 Kh6 53. a6 Kg7 54. a7 Kh6 55. a8=Q Kg7 56. Kd5 Kh6 57. Qh8# 1-0


[Site "https://www.chess.com"]

[Event "Titled Tuesday Blitz August 08 Late 2023"]
[White "Urazayev, Arystanbek"]
[Black "Grossboss19"]
[WhiteFideId "13709810"]
[WhiteElo "2748"]
[BlackElo "2528"]
[Result "1-0"]
[Round "4"]
[TimeControl "180+1"]
[Date "2023.08.08"]
[WhiteClock "0:00:10"]
[BlackClock "0:00:00"]
[Board "52"]

1. d4 Nf6 2. c4 e6 3. Nc3 d5 4. Nf3 c6 5. e3 Nbd7 6. Qc2 Bd6 7. b3 O-O 8. Be2 Qe7 9. Bb2 e5 10. dxe5 Nxe5 11. Nxe5 Bxe5 12. cxd5 cxd5 13. O-O d4 14. exd4 Bxd4 15. Rad1 Be5 16. Rfe1 Qc7 17. h3 Be6 18. Qd2 Rfd8 19. Qe3 a6 20. Bf3 Rxd1 21. Rxd1 Rc8 22. Na4 Bxb2 23. Nxb2 h6 24. Nd3 Rd8 25. Rc1 Qb8 26. Nc5 Bd5 27. Rd1 Bxf3 28. Rxd8+ Qxd8 29. Qxf3 b6 30. Nxa6 Qd4 31. Qe2 Ne4 32. b4 Qa1+ 33. Kh2 Qe5+ 34. g3 Qd4 35. Kg2 Nc3 36. Qe8+ Kh7 37. Qxf7 Qd3 38. Nc7 Qe4+ 39. Qf3 Qxb4 40. Nd5 Nxd5 41. Qxd5 Qa3 42. h4 Kh8 43. Qb3 Qa5 44. Kf3 Qa8+ 45. Ke3 Qe8+ 46. Kd3 Qd7+ 47. Kc3 Qc6+ 48. Kb2 Qf6+ 49. Qc3 Qxf2+ 50. Kb3 Qf7+ 51. Kb4 Qb7 52. a4 Qa6 53. Qe5 Kh7 54. h5 Qa7 55. g4 Kh8 56. g5 hxg5 57. h6 Kh7 58. hxg7 Qxg7 59. Qe4+ Qg6 60. Qe7+ Kh6 61. Qf8+ Kh5 62. Qh8+ Kg4 63. Kb5 Kf3 64. Qh1+ Kf4 65. Qf1+ Kg4 66. Qg1+ Kf4 67. Qf2+ Kg4 68. Qxb6 Qb1+ 69. Kc6 Qxb6+ 70. Kxb6 Kf3 71. a5 g4 72. a6 g3 73. a7 g2 74. a8=Q+ Kf2 75. Qf8+ Kg3 76. Qg7+ Kh2 77. Qh6+ Kg3 78. Qg5+ Kh2 79. Qh4+ Kg1 80. Kc5 Kf1 81. Qf4+ Ke2 82. Qg3 Kf1 83. Qf3+ Kg1 84. Kd4 Kh2 85. Qh5+ Kg3 86. Qg5+ Kf2 87. Qf4+ Ke2 88. Qg3 Kf1 89. Qf3+ Kg1 90. Ke3 Kh2 91. Qh5+ Kg1 92. Kf3 Kf1 93. Qb5+ Kg1 94. Qb2 1-0


[Site "https://www.chess.com"]

[Event "Titled Tuesday Blitz August 08 Late 2023"]
[White "Loay, Sameer"]
[Black "Kobo, Ori"]
[WhiteFideId "8104239"]
[BlackFideId "2812320"]
[WhiteElo "2524"]
[BlackElo "2742"]
[Result "1/2-1/2"]
[Round "4"]
[TimeControl "180+1"]
[Date "2023.08.08"]
[WhiteClock "0:02:26"]
[BlackClock "0:01:47"]
[Board "53"]

1. Nf3 Nf6 2. g3 c5 3. Bg2 Nc6 4. O-O e5 5. d3 d5 6. Nbd2 Be7 7. e4 O-O 8. exd5 Nxd5 9. Re1 f6 10. c3 Kh8 11. a4 Bf5 12. Nc4 Qd7 13. Nh4 Be6 14. Qh5 Kg8 15. f4 Bf7 16. Qf5 Be6 17. Qh5 Bf7 18. Qf5 Be6 19. Qh5 1/2-1/2


[Site "https://www.chess.com"]

[Event "Titled Tuesday Blitz August 08 Late 2023"]
[White "Do Valle Cardoso, Lucas"]
[Black "Hnydiuk, Aleksander"]
[WhiteFideId "2163144"]
[BlackFideId "1109057"]
[WhiteElo "2735"]
[BlackElo "2523"]
[Result "0-1"]
[Round "4"]
[TimeControl "180+1"]
[Date "2023.08.08"]
[WhiteClock "0:00:00"]
[BlackClock "0:00:07"]
[Board "54"]

1. e4 e5 2. Nf3 Nc6 3. d4 exd4 4. Bc4 Nf6 5. e5 d5 6. Bb5 Ne4 7. Nxd4 Bd7 8. Bxc6 bxc6 9. O-O Be7 10. f3 Nc5 11. f4 Ne4 12. Nc3 c5 13. Nde2 Nxc3 14. bxc3 O-O 15. Qxd5 Bf5 16. Qb3 Rb8 17. Qa4 Qd5 18. Ng3 Bd7 19. Qe4 Qxe4 20. Nxe4 Bf5 21. Re1 c4 22. a4 Rfd8 23. Kf2 h5 24. h3 Bh4+ 25. g3 Be7 26. Kg2 a6 27. Nd2 Bxc2 28. Nxc4 Bb3 29. Ne3 Rd3 30. Bb2 Be6 31. Rab1 Rd2+ 0-1


[Site "https://www.chess.com"]

[Event "Titled Tuesday Blitz August 08 Late 2023"]
[White "Sam, Gabriel"]
[Black "Mekhitarian, Krikor Sevag"]
[WhiteFideId "75000776"]
[BlackFideId "2107660"]
[WhiteElo "2522"]
[BlackElo "2730"]
[Result "0-1"]
[Round "4"]
[TimeControl "180+1"]
[Date "2023.08.08"]
[WhiteClock "0:00:00"]
[BlackClock "0:00:10"]
[Board "55"]

1. e4 e6 2. d4 d5 3. Nd2 c5 4. exd5 Qxd5 5. Ngf3 cxd4 6. Bc4 Qd7 7. O-O Nc6 8. Nb3 a6 9. a4 Nf6 10. Nbxd4 Nxd4 11. Nxd4 Qc7 12. Qe2 Bd6 13. h3 O-O 14. c3 e5 15. Nc2 Bf5 16. Ne3 Bg6 17. Rd1 Rad8 18. Nd5 Nxd5 19. Bxd5 Rd7 20. Be3 Rfd8 21. Qc4 Qxc4 22. Bxc4 Bc7 23. Rxd7 Rxd7 24. Kf1 Be4 25. f3 Bc6 26. Ke2 Kf8 27. b4 e4 28. b5 exf3+ 29. gxf3 Bd5 30. Bd3 Bxf3+ 31. Kxf3 Rxd3 32. Ke2 Rxc3 33. bxa6 bxa6 34. Rb1 Rc4 35. Rb7 Bd8 36. Rb8 Ke7 37. Rb7+ Ke8 38. Ra7 Rxa4 39. Ra8 Kd7 40. Ra7+ Ke6 41. Ra8 Be7 42. Rb8 Rb4 43. Rc8 Kd7 44. Ra8 Ra4 45. Ra7+ Ke6 46. Rb7 Bd6 47. Rb6 Kd5 48. Rb7 Ke6 49. Rb6 Ra2+ 50. Kf3 Ra3 51. Ke4 f5+ 52. Kf3 f4 53. Rxd6+ Kxd6 54. Kxf4 Rxe3 0-1


[Site "https://www.chess.com"]

[Event "Titled Tuesday Blitz August 08 Late 2023"]
[White "Yanchenko, Roman"]
[Black "Glavina, Pablo"]
[WhiteFideId "4137329"]
[BlackFideId "100234"]
[WhiteElo "2722"]
[BlackElo "2521"]
[Result "1-0"]
[Round "4"]
[TimeControl "180+1"]
[Date "2023.08.08"]
[WhiteClock "0:01:22"]
[BlackClock "0:01:37"]
[Board "56"]

1. d4 Nf6 2. Nf3 e6 3. c4 b6 4. Bf4 Bb7 5. e3 Bb4+ 6. Nbd2 O-O 7. a3 Bxd2+ 8. Nxd2 c5 9. dxc5 bxc5 10. Bd6 Re8 11. Bxc5 d5 12. cxd5 Qxd5 13. Bd4 Nc6 14. Bxf6 gxf6 15. Nc4 Qg5 16. h4 Qg7 17. Rh3 Kh8 18. Rg3 Qh6 19. Nd6 Re7 20. Rc1 Rd8 21. Rxc6 Qf8 22. Qf3 f5 23. Nxb7 Rxb7 24. Qf4 Rd5 25. Qh6 1-0


[Site "https://www.chess.com"]

[Event "Titled Tuesday Blitz August 08 Late 2023"]
[White "FromTexas54"]
[Black "Jimenez Martinez, Jose Vicente"]
[BlackFideId "2264021"]
[WhiteElo "2521"]
[BlackElo "2721"]
[Result "0-1"]
[Round "4"]
[TimeControl "180+1"]
[Date "2023.08.08"]
[WhiteClock "0:00:01"]
[BlackClock "0:02:29"]
[Board "57"]

1. d4 d6 2. Nf3 g6 3. c4 Bg7 4. Nc3 Nf6 5. e4 O-O 6. Be2 Bg4 7. O-O Nfd7 8. Be3 e5 9. d5 a5 10. Ne1 Bxe2 11. Qxe2 f5 12. f3 Na6 13. a3 Nac5 14. b4 Nb3 15. Rb1 Nd4 16. Qd2 axb4 17. axb4 Nb6 18. Qd3 Ra3 19. Nc2 Nxc2 20. Bxb6 Nd4 0-1


[Site "https://www.chess.com"]

[Event "Titled Tuesday Blitz August 08 Late 2023"]
[White "brm72"]
[Black "Prohaszka, Peter"]
[BlackFideId "726265"]
[WhiteElo "2521"]
[BlackElo "2720"]
[Result "1/2-1/2"]
[Round "4"]
[TimeControl "180+1"]
[Date "2023.08.08"]
[WhiteClock "0:00:05"]
[BlackClock "0:00:05"]
[Board "58"]

1. e4 c6 2. Nc3 d5 3. Nf3 dxe4 4. Nxe4 Nf6 5. Qe2 Nxe4 6. Qxe4 Qa5 7. b4 Qf5 8. Bd3 Qxe4+ 9. Bxe4 Nd7 10. Bb2 Nf6 11. Bd3 e6 12. a3 a5 13. b5 Nd5 14. g3 cxb5 15. Bxb5+ Bd7 16. Bd3 f6 17. Nd4 Bc5 18. f4 Kf7 19. O-O-O Nb6 20. Nb5 Rhc8 21. Rhe1 Bf8 22. Nd4 Nc4 23. Bxc4 Rxc4 24. d3 Ra4 25. Nb3 Rc8 26. Re4 Bxa3 27. Rxa4 Bxb2+ 28. Kxb2 Bxa4 29. Ra1 Bxb3 30. Kxb3 b6 31. c4 Ke7 32. Ka4 Rd8 33. Ra3 Kd6 34. Kb5 Kc7 35. Rc3 Rd4 36. c5 Rb4+ 37. Ka6 bxc5 38. Rxc5+ Kd6 39. Rc8 Ke7 40. Kxa5 Rb2 41. Rc7+ Kf8 42. Rc6 Kf7 43. Rc7+ Kg6 44. Re7 Rd2 45. Rxe6 Rxd3 46. Re2 Rb3 47. Ka4 Rb1 48. Ka3 h5 49. Ka2 Rh1 50. Kb3 Kf5 51. Kc4 Kg4 52. Re7 g5 53. fxg5 fxg5 54. Re2 Kh3 55. Re5 Kg4 56. Re4+ Kf5 57. Re2 g4 58. Kc3 Rd1 59. Kc2 Rd8 60. Re3 Kg5 61. Re2 Rd7 62. Re3 Rd5 63. Re2 h4 64. Re3 h3 65. Re2 Kf5 66. Re3 Rd6 67. Re2 Rd7 68. Re3 Rd8 69. Re2 Ra8 70. Kd3 Ra1 71. Kd4 Rg1 72. Rf2+ Kg5 73. Ke4 Re1+ 74. Kd3 Rg1 75. Ke3 Rh1 76. Kd3 Kg6 77. Ke4 Kh5 78. Rf5+ Kg6 79. Rf2 Kg5 80. Rf5+ Kg6 81. Rf2 1/2-1/2


[Site "https://www.chess.com"]

[Event "Titled Tuesday Blitz August 08 Late 2023"]
[White "Dragomirescu, Robin-Alexandru"]
[Black "Rakotomaharo, Fy Antenaina"]
[WhiteFideId "1213849"]
[BlackFideId "13100050"]
[WhiteElo "2521"]
[BlackElo "2719"]
[Result "0-1"]
[Round "4"]
[TimeControl "180+1"]
[Date "2023.08.08"]
[WhiteClock "0:00:13"]
[BlackClock "0:00:07"]
[Board "59"]

1. b3 g6 2. Bb2 Nf6 3. Bxf6 exf6 4. c4 h5 5. h4 Bh6 6. e3 O-O 7. Nc3 Re8 8. Nge2 d6 9. d4 f5 10. g3 Nd7 11. Bg2 Nf6 12. Qc2 Ng4 13. Nd5 c6 14. Ndf4 Qa5+ 15. Qc3 Qxc3+ 16. Nxc3 Bxf4 17. gxf4 Bd7 18. Ke2 Re7 19. b4 Rae8 20. Rhc1 f6 21. b5 g5 22. bxc6 bxc6 23. hxg5 fxg5 24. fxg5 f4 25. e4 Rg7 26. Rab1 Rxg5 27. Rb7 Be6 28. d5 cxd5 29. cxd5 Bxd5 30. Nxd5 Rxd5 31. Rcc7 Rg5 32. Rxa7 d5 33. Ra5 Ne5 34. Bh3 dxe4 35. Be6+ Kh8 36. Bd5 Ng4 37. Raa7 f3+ 38. Ke1 Nf6 39. Rf7 Nxd5 40. Rh7+ Kg8 41. Rhd7 Nf4 42. Rd6 Rc8 43. Kd2 Ng2 44. a4 Rg7 45. Raa6 h4 46. Rh6 Rd8+ 47. Kc2 e3 48. fxe3 f2 49. Raf6 Nxe3+ 50. Kb3 f1=Q 51. Rxf1 Nxf1 52. Rxh4 Rb7+ 53. Rb4 Rxb4+ 54. Kxb4 Rb8+ 55. Kc5 Ra8 56. a5 Rxa5+ 57. Kb6 Rf5 0-1


[Site "https://www.chess.com"]